Ducks vs Canadiens
Created - November 23, 2024 at 09:25
Goals
|
Ducks |
2 |
3 |
1 |
6 |
Canadiens |
0 |
3 |
0 |
3 |
|
Shots
|
Ducks |
11 |
11 |
6 |
28 |
Canadiens |
17 |
5 |
14 |
36 |
|
1st period
1. Ducks , Cody Eakin 5 (Johnny Gaudreau 6) at 11:24 (PP)
2. Ducks , Cody Eakin 6 (Jordan Szwarz 4, Cam Fowler 2) at 14:52
Penalties :
Mike Richards (Ana) for Holding (Minor) at 8:44, Chris Kreider (Mtl) for Delaying the game (Minor) at 11:17, Mike Richards (Ana) for Slashing (Minor) at 12:31
2nd period
3. Canadiens , Sam Bennett 2 (Chris Kreider 9) at 1:14
4. Ducks , Marcus Kruger 6 (Cody Eakin 4) at 1:18
5. Canadiens , Ben Smith 5 (Quinn Hughes 2) at 10:00
6. Ducks , Johnny Gaudreau 5 (Tomas Nosek 5) at 12:09
7. Canadiens , Anthony Cirelli 7 (Anze Kopitar 6, Quinn Hughes 3) at 17:17
8. Ducks , Tomas Nosek 1 (Johnny Gaudreau 7, Brian Dumoulin 4) at 19:27
Penalties :
Carter Verhaeghe (Ana) for Interference (Minor) at 1:35, Ben Smith (Mtl) for Holding (Minor) at 3:45, Cam Fowler (Ana) for Cross-checking (Minor) at 12:55
3rd period
9. Ducks , Corban Knight 1 (Nikita Zaitsev 1, Chris Bourque 3) at 8:25
Penalties :
Anze Kopitar (Mtl) for Tripping (Minor) at 0:42, Christian Dvorak (Mtl) for Elbowing (Minor) at 5:49, Michal Neuvirth (Ana) for Slashing (Minor) at 12:12 - Nikita Zaitsev served the penalty
Goalie Stats
Michal Neuvirth (Ana), 33 saves from 36 shots - (0.917), W, 4-3-2, 60:00 minutes
Igor Shesterkin (Mtl), 9 saves from 11 shots - (0.818), 27:51 minutes
Ondrej Pavelec (Mtl), 13 saves from 17 shots - (0.765), L, 5-4-2, 32:09 minutes
Players Stats for Ducks
Player Name G A P +/- PIM S H SB GA TA FO MP PP MP PK MP
------------------------------------------------------------------------------------
Alexandre Grenier 0 0 0 0 0 0 1 0 1 0 0/0 6:42 0:00 0:00
Brian Dumoulin 0 1 1 3 0 1 0 2 1 0 0/0 19:23 2:08 6:24
Cam Fowler 0 1 1 0 2 3 2 1 1 1 0/1 28:11 3:56 4:33
Carter Verhaeghe 0 0 0 2 2 1 1 1 0 1 0/1 16:40 3:13 0:00
Chris Bigras 0 0 0 2 0 1 0 0 0 0 0/0 11:50 0:00 1:13
Chris Bourque 0 1 1 0 0 2 2 0 0 0 0/0 8:54 0:00 2:03
Cody Eakin 2 1 3 2 0 2 1 1 0 1 19/39 22:31 2:48 5:37
Corban Knight 1 0 1 0 0 1 0 1 0 0 4/5 9:15 0:03 2:19
Jesse Puljujarvi 0 0 0 0 0 0 1 0 0 0 0/1 17:01 2:51 0:00
Johnny Gaudreau 1 2 3 0 0 4 1 1 0 0 0/1 21:55 2:51 4:53
Jordan Szwarz 0 1 1 0 0 2 0 0 0 0 0/1 8:51 0:00 0:00
Justin Schultz 0 0 0 -1 0 0 0 0 0 0 0/0 17:44 0:00 3:46
Kevin Shattenkirk 0 0 0 0 0 0 1 1 0 0 0/0 22:59 3:56 0:00
Marcus Kruger 1 0 1 2 0 3 1 0 0 0 0/1 16:37 3:13 0:00
Mike Richards 0 0 0 0 4 1 0 0 0 0 5/6 14:09 3:13 1:41
Nikita Zaitsev 0 1 1 0 0 1 1 1 0 2 0/0 20:39 2:08 3:54
Sam Gagner 0 0 0 0 0 4 1 1 0 0 0/0 12:34 0:00 2:59
Tomas Nosek 1 1 2 0 0 2 1 0 0 0 6/16 14:06 0:00 0:18
Players Stats for Canadiens
Player Name G A P +/- PIM S H SB GA TA FO MP PP MP PK MP
------------------------------------------------------------------------------------
Adam Fox 0 0 0 -3 0 1 0 2 0 1 0/0 23:27 3:51 0:00
Anthony Cirelli 1 0 1 0 0 4 1 0 0 0 2/5 17:19 4:09 1:51
Anze Kopitar 0 1 1 0 2 1 0 0 1 0 8/13 14:40 0:00 2:54
Ben Smith 1 0 1 -2 2 1 1 1 0 0 0/0 10:51 0:25 0:00
Chris Kreider 0 1 1 0 2 6 0 0 0 1 0/1 21:36 5:21 0:17
Christian Dvorak 0 0 0 0 2 0 1 0 0 0 1/4 7:48 0:00 1:17
David Pastrnak 0 0 0 0 0 8 1 1 2 0 1/2 21:02 5:46 0:00
Derick Brassard 0 0 0 -2 0 0 1 0 0 0 0/0 10:09 0:00 0:00
Filip Hronek 0 0 0 0 0 0 1 0 0 0 0/0 18:44 3:51 3:14
Jacob De La Rose 0 0 0 0 0 0 0 1 0 1 0/0 10:27 0:00 3:56
Jeff Schultz 0 0 0 -2 0 1 1 0 0 0 0/0 20:51 0:00 2:50
Marc Staal 0 0 0 0 0 1 2 0 0 0 0/0 16:33 0:00 2:50
Matthew Tkachuk 0 0 0 0 0 0 0 0 0 0 0/0 12:33 6:04 0:00
Michael Matheson 0 0 0 1 0 0 2 0 0 0 0/0 13:51 0:00 3:14
Patrik Laine 0 0 0 0 0 2 0 1 0 0 0/0 15:27 4:09 0:00
Quinn Hughes 0 2 2 0 0 2 3 1 0 0 0/0 20:25 6:04 0:00
Roope Hintz 0 0 0 -2 0 5 3 1 0 0 3/6 15:30 4:34 0:21
Sam Bennett 1 0 1 0 0 4 0 0 2 0 23/41 22:39 5:21 1:32
3 Stars
1 - Cody Eakin (Ana)
2 - Johnny Gaudreau (Ana)
3 - Tomas Nosek (Ana)
Power Play
Ducks - 1 on 4 Attempt(s) - 25.00%
Canadiens - 0 on 5 Attempt(s) - 0.00%
Penalty Kill
Ducks - 5 on 5 Attempt(s) - 100.00%
- Score 0 goal in Penalty Kill
Canadiens - 3 on 4 Attempt(s) - 75.00%
- Score 0 goal in Penalty Kill
Team Stat
Ducks - Hits : 14 - Faceoff Wins : 34 - Blocked Shots : 10 - Penalty Minutes : 10
Canadiens - Hits : 17 - Faceoff Wins : 38 - Blocked Shots : 8 - Penalty Minutes : 8
Official
Referees : Brandon Schrader and Peter MacDougall
Linesman : Julien Fournier and David Brisebois
Game Notes
Igor Shesterkin enters game at 12:09 of 2nd period
Finance
Level 1 -- Attendance: 6000 (100.00%) -- Ticket Income $600,000
Level 2 -- Attendance: 4391 (87.82%) -- Ticket Income $307,370
Level 3 -- Attendance: 1762 (88.10%) -- Ticket Income $70,480
Level 4 -- Attendance: 3954 (98.85%) -- Ticket Income $118,620
Luxury Box -- Attendance: 934 (93.40%) -- Ticket Income $186,800
Game was played at the Centre Bell.
Total Attendance: 17041 (94.67%)
Total Ticket Income: $1,283,270
Other Income: $192,490
Total Income: $1,475,760
Ducks
5 vs 5 Forward
Center Left Wing Right Wing Time % Phy DF OF
1 Tomas Nosek Johnny Gaudreau Jesse Puljujarvi 35 0 2 3
2 Cody Eakin Carter Verhaeghe Marcus Kruger 35 0 2 3
3 Mike Richards Sam Gagner Jordan Szwarz 20 0 2 3
4 Corban Knight Chris Bourque Alexandre Grenier 10 0 2 3
5 vs 5 Defense
Defense Defense Time % Phy DF OF
1 Kevin Shattenkirk Cam Fowler 40 0 2 3
2 Justin Schultz Nikita Zaitsev 30 3 1 1
3 Brian Dumoulin Chris Bigras 20 3 1 1
4 Kevin Shattenkirk Cam Fowler 10 4 1 0
PowerPlay Forward
Center Left Wing Right Wing Time % Phy DF OF
1 Cody Eakin Johnny Gaudreau Jesse Puljujarvi 60 0 1 4
2 Mike Richards Carter Verhaeghe Marcus Kruger 40 0 1 4
PowerPlay Defense
Defense Defense Time % Phy DF OF
1 Kevin Shattenkirk Cam Fowler 60 0 1 4
2 Brian Dumoulin Nikita Zaitsev 40 0 1 4
Penalty Kill 4 Players Forward
Center Wing Time % Phy DF OF
1 Cody Eakin Johnny Gaudreau 60 1 2 2
2 Mike Richards Sam Gagner 40 1 2 2
Penalty Kill 4 Players Defense
Defense Defense Time % Phy DF OF
1 Brian Dumoulin Cam Fowler 60 1 2 2
2 Justin Schultz Nikita Zaitsev 40 1 2 2
Penalty Kill - 3 Players Forward
Forward Time % Phy DF OF
1 Cody Eakin 60 0 3 2
2 Mike Richards 40 0 3 2
Penalty Kill - 3 Players Defense
Defense Defense Time % Phy DF OF
1 Kevin Shattenkirk Cam Fowler 60 0 3 2
2 Justin Schultz Nikita Zaitsev 40 0 3 2
4 vs 4 Forward
Center Wing Time % Phy DF OF
1 Cody Eakin Johnny Gaudreau 60 0 2 3
2 Mike Richards Sam Gagner 40 0 2 3
4 vs 4 Defense
Defense Defense Time % Phy DF OF
1 Kevin Shattenkirk Chris Bigras 60 0 2 3
2 Justin Schultz Nikita Zaitsev 40 0 2 3
Last Minutes Offensive
Center Left Wing Right Wing Defense Defense
Cody Eakin Johnny Gaudreau Jordan Szwarz Kevin Shattenkirk Cam Fowler
Last Minutes Defensive
Center Left Wing Right Wing Defense Defense
Cody Eakin Johnny Gaudreau Jordan Szwarz Brian Dumoulin Cam Fowler
Goaltenders
Starting : Michal Neuvirth
Backup : Marek Mazanek
Extra Forwards
Normal : Cody Eakin, Carter Verhaeghe, Jesse Puljujarvi - PP : Cody Eakin, Carter Verhaeghe - PK : Cody Eakin
Extra Defensemen
Normal : Nikita Zaitsev, Brian Dumoulin, Chris Bigras - PP : Nikita Zaitsev - PK : Nikita Zaitsev, Brian Dumoulin
Penalty Shots
Johnny Gaudreau, Jordan Szwarz, Sam Gagner, Marcus Kruger, Cody Eakin
Custom OT Lines Forwards
Johnny Gaudreau, Jordan Szwarz, Sam Gagner, Marcus Kruger, Cody Eakin, Carter Verhaeghe, Mike Richards, Chris Bourque, Tomas Nosek, Alexandre Grenier
Custom OT Lines Defensemen
Kevin Shattenkirk, Cam Fowler, Justin Schultz, Nikita Zaitsev, Brian Dumoulin
Scratches
Brandon Pirri (Healthy), Travis Zajac (Healthy), Viktor Loov (Healthy)
Canadiens
5 vs 5 Forward
Center Left Wing Right Wing Time % Phy DF OF
1 Sam Bennett Chris Kreider David Pastrnak 35 1 2 2
2 Roope Hintz Derick Brassard Ben Smith 25 1 2 2
3 Anze Kopitar Anthony Cirelli Patrik Laine 25 1 2 2
4 Christian Dvorak Jacob De La Rose Matthew Tkachuk 15 1 2 2
5 vs 5 Defense
Defense Defense Time % Phy DF OF
1 Adam Fox Jeff Schultz 40 1 2 2
2 Marc Staal Quinn Hughes 35 0 2 3
3 Michael Matheson Filip Hronek 25 1 2 2
4 Adam Fox Jeff Schultz 0 1 2 2
PowerPlay Forward
Center Left Wing Right Wing Time % Phy DF OF
1 Sam Bennett Chris Kreider David Pastrnak 60 1 2 2
2 Roope Hintz Anthony Cirelli Patrik Laine 40 1 2 2
PowerPlay Defense
Defense Defense Time % Phy DF OF
1 Matthew Tkachuk Quinn Hughes 60 1 2 2
2 Filip Hronek Adam Fox 40 1 2 2
Penalty Kill 4 Players Forward
Center Wing Time % Phy DF OF
1 Anze Kopitar Jacob De La Rose 60 1 2 2
2 Anthony Cirelli Christian Dvorak 40 1 2 2
Penalty Kill 4 Players Defense
Defense Defense Time % Phy DF OF
1 Marc Staal Jeff Schultz 60 1 2 2
2 Michael Matheson Filip Hronek 40 1 2 2
Penalty Kill - 3 Players Forward
Forward Time % Phy DF OF
1 Anze Kopitar 60 1 2 2
2 Anthony Cirelli 40 1 2 2
Penalty Kill - 3 Players Defense
Defense Defense Time % Phy DF OF
1 Marc Staal Jeff Schultz 60 1 2 2
2 Filip Hronek Michael Matheson 40 1 2 2
4 vs 4 Forward
Center Wing Time % Phy DF OF
1 David Pastrnak Chris Kreider 60 1 2 2
2 Sam Bennett Derick Brassard 40 1 2 2
4 vs 4 Defense
Defense Defense Time % Phy DF OF
1 Adam Fox Jeff Schultz 60 1 2 2
2 Marc Staal Michael Matheson 40 1 2 2
Last Minutes Offensive
Center Left Wing Right Wing Defense Defense
Sam Bennett Chris Kreider David Pastrnak Adam Fox Jeff Schultz
Last Minutes Defensive
Center Left Wing Right Wing Defense Defense
Anze Kopitar Chris Kreider Ben Smith Marc Staal Jeff Schultz
Goaltenders
Starting : Ondrej Pavelec
Backup : Igor Shesterkin
Extra Forwards
Normal : Sam Bennett, Matthew Tkachuk, Anthony Cirelli - PP : Ben Smith, Matthew Tkachuk - PK : Sam Bennett
Extra Defensemen
Normal : Michael Matheson, Quinn Hughes, Filip Hronek - PP : Michael Matheson - PK : Adam Fox, Quinn Hughes
Penalty Shots
Chris Kreider, David Pastrnak, Derick Brassard, Anze Kopitar, Ben Smith
Custom OT Lines Forwards
Chris Kreider, David Pastrnak, Derick Brassard, Anze Kopitar, Ben Smith, Sam Bennett, Anthony Cirelli, Matthew Tkachuk, Roope Hintz, Jacob De La Rose
Custom OT Lines Defensemen
Adam Fox, Jeff Schultz, Marc Staal, Michael Matheson, Quinn Hughes
Scratches
Zac Rinaldo (Healthy), Auston Matthews (Strained Groin Injury)
% Time on Ice - Ducks
Lines # - Real PCT - Wanted PCT - Time Play
Normal Forward
1 - 33% - 35% - 14:20
2 - 32% - 35% - 14:08
3 - 20% - 20% - 8:51
4 - 15% - 10% - 6:42
Normal Defense
1 - 41% - 40% - 17:54
2 - 33% - 30% - 14:28
3 - 23% - 20% - 10:17
4 - 3% - 10% - 1:22
PP Forward
1 - 47% - 60% - 2:51
2 - 53% - 40% - 3:13
PP Defense
1 - 65% - 60% - 3:56
2 - 35% - 40% - 2:08
PK Forward
1 - 70% - 60% - 6:56
2 - 30% - 40% - 2:59
PK Defense
1 - 62% - 60% - 6:09
2 - 38% - 40% - 3:46
PK3 Forward
1 - 0% - 60%
2 - 0% - 40%
PK3 Defense
1 - 0% - 60%
2 - 0% - 40%
44 Forward
1 - 0% - 60%
2 - 0% - 40%
44 Defense
1 - 0% - 60%
2 - 0% - 40%
Last Minute Offensive - 0:00
Last Minute Defensive - 0:00
Total
Forward - 60:00
Defense - 60:00
|
% Time on Ice - Canadiens
Lines # - Real PCT - Wanted PCT - Time Play
Normal Forward
1 - 36% - 35% - 16:02
2 - 24% - 25% - 10:23
3 - 25% - 25% - 11:05
4 - 15% - 15% - 6:31
Normal Defense
1 - 42% - 40% - 18:40
2 - 35% - 35% - 15:18
3 - 23% - 25% - 10:03
4 - 0% - 0% - 0:00
PP Forward
1 - 54% - 60% - 5:21
2 - 46% - 40% - 4:34
PP Defense
1 - 61% - 60% - 6:04
2 - 39% - 40% - 3:51
PK Forward
1 - 91% - 60% - 5:31
2 - 9% - 40% - 0:33
PK Defense
1 - 47% - 60% - 2:50
2 - 53% - 40% - 3:14
PK3 Forward
1 - 0% - 60%
2 - 0% - 40%
PK3 Defense
1 - 0% - 60%
2 - 0% - 40%
44 Forward
1 - 0% - 60%
2 - 0% - 40%
44 Defense
1 - 0% - 60%
2 - 0% - 40%
Last Minute Offensive - 0:00
Last Minute Defensive - 0:00
Total
Forward - 60:00
Defense - 60:00
|
Play-by-Play
1st period
0:01 of 1st period - Sam Bennett wins face-off versus Tomas Nosek in neutral zone.
0:15 of 1st period - Icing by Kevin Shattenkirk.
0:16 of 1st period - Roope Hintz wins face-off versus Johnny Gaudreau in Ducks zone.
0:55 of 1st period - Kevin Shattenkirk is hit by Derick Brassard and loses puck.
1:19 of 1st period - Icing by Quinn Hughes.
1:20 of 1st period - Cody Eakin wins face-off versus Roope Hintz in Canadiens zone.
2:01 of 1st period - Slapshot by Roope Hintz.
2:01 of 1st period - Stopped by Michal Neuvirth without a rebound.
2:02 of 1st period - Cody Eakin wins face-off versus Anze Kopitar in Ducks zone.
3:58 of 1st period - Backhand shot by Sam Gagner.
3:58 of 1st period - Stopped by Ondrej Pavelec without a rebound.
3:59 of 1st period - Mike Richards wins face-off versus Sam Bennett in Canadiens zone.
4:06 of 1st period - Slapshot by Sam Gagner.
4:06 of 1st period - Stopped by Ondrej Pavelec without a rebound.
4:07 of 1st period - Sam Bennett wins face-off versus Cody Eakin in Canadiens zone.
4:46 of 1st period - Wrist shot by David Pastrnak.
4:46 of 1st period - Shot Blocked by Carter Verhaeghe.
4:48 of 1st period - Wrist shot by Chris Kreider.
4:48 of 1st period - Stopped by Michal Neuvirth without a rebound.
4:49 of 1st period - Anze Kopitar wins face-off versus Tomas Nosek in Ducks zone.
4:52 of 1st period - Wrist shot by Anthony Cirelli.
4:52 of 1st period - Stopped by Michal Neuvirth without a rebound.
4:53 of 1st period - Anze Kopitar wins face-off versus Jesse Puljujarvi in Ducks zone.
4:58 of 1st period - Wrist shot by Patrik Laine.
4:58 of 1st period - Shot Blocked by Cam Fowler.
5:19 of 1st period - Off-side.
5:20 of 1st period - Mike Richards wins face-off versus Christian Dvorak in neutral zone.
5:23 of 1st period - Matthew Tkachuk is hit by Nikita Zaitsev and loses puck.
5:28 of 1st period - Slapshot by Sam Gagner.
5:28 of 1st period - Stopped by Ondrej Pavelec with a rebound.
5:30 of 1st period - Snap shot by Nikita Zaitsev.
5:30 of 1st period - Stopped by Ondrej Pavelec with a rebound.
5:32 of 1st period - Snap shot by Jordan Szwarz.
5:32 of 1st period - Shot Misses the Net.
5:36 of 1st period - Slapshot by Jordan Szwarz.
5:36 of 1st period - Shot Misses the Net.
6:06 of 1st period - Wrist shot by Chris Kreider.
6:06 of 1st period - Stopped by Michal Neuvirth without a rebound.
6:07 of 1st period - Tomas Nosek wins face-off versus Anze Kopitar in Ducks zone.
6:16 of 1st period - Anze Kopitar is hit by Cam Fowler and loses puck.
7:35 of 1st period - Wrist shot by Patrik Laine.
7:35 of 1st period - Stopped by Michal Neuvirth with a rebound.
7:37 of 1st period - Wrist shot by Anze Kopitar.
7:37 of 1st period - Stopped by Michal Neuvirth with a rebound.
8:03 of 1st period - Wrist shot by Patrik Laine.
8:03 of 1st period - Deflect By Anthony Cirelli.
8:03 of 1st period - Shot Misses the Net.
8:03 of 1st period - Puck is out of play.
8:04 of 1st period - Sam Bennett wins face-off versus Cody Eakin in Ducks zone.
8:44 of 1st period - Minor Penalty to Mike Richards for Holding.
8:45 of 1st period - Sam Bennett wins face-off versus Cody Eakin in Ducks zone.
8:59 of 1st period - Backhand shot by David Pastrnak.
8:59 of 1st period - Shot Misses the Net.
9:23 of 1st period - Wrist shot by David Pastrnak.
9:23 of 1st period - Deflect By Roope Hintz.
9:23 of 1st period - Stopped by Michal Neuvirth without a rebound.
9:24 of 1st period - Roope Hintz wins face-off versus Corban Knight in Ducks zone.
9:25 of 1st period - Snap shot by David Pastrnak.
9:25 of 1st period - Shot Blocked by Brian Dumoulin.
9:27 of 1st period - Slapshot by Roope Hintz.
9:27 of 1st period - Stopped by Michal Neuvirth without a rebound.
9:28 of 1st period - Corban Knight wins face-off versus Roope Hintz in Ducks zone.
10:05 of 1st period - Slapshot by Cody Eakin.
10:05 of 1st period - Shot Misses the Net.
10:44 of 1st period - Penalty to Mike Richards is over, Mike Richards is back on ice.
11:06 of 1st period - Snap shot by Jordan Szwarz.
11:06 of 1st period - Stopped by Ondrej Pavelec without a rebound.
11:07 of 1st period - Mike Richards wins face-off versus David Pastrnak in Canadiens zone.
11:12 of 1st period - Wrist shot by Sam Gagner.
11:12 of 1st period - Shot Blocked by David Pastrnak.
11:14 of 1st period - Snap shot by Sam Gagner.
11:14 of 1st period - Stopped by Ondrej Pavelec without a rebound.
11:15 of 1st period - Sam Bennett wins face-off versus Cody Eakin in Canadiens zone.
11:17 of 1st period - Minor Penalty to Chris Kreider for Delaying the game.
11:18 of 1st period - Cody Eakin wins face-off versus Anze Kopitar in Canadiens zone.
11:22 of 1st period - Snap shot by Johnny Gaudreau.
11:22 of 1st period - Shot Misses the Net.
11:24 of 1st period - Wrist shot by Cody Eakin.
11:24 of 1st period - Goal by Cody Eakin - Ducks : 1 - Canadiens : 0.
11:25 of 1st period - Sam Bennett wins face-off versus Cody Eakin in neutral zone.
11:52 of 1st period - Ben Smith is hit by Alexandre Grenier and loses puck.
12:01 of 1st period - Snap shot by Derick Brassard.
12:01 of 1st period - Shot Misses the Net.
12:13 of 1st period - Snap shot by Matthew Tkachuk.
12:13 of 1st period - Shot Blocked by Sam Gagner.
12:15 of 1st period - Slapshot by Marc Staal.
12:15 of 1st period - Stopped by Michal Neuvirth with a rebound.
12:17 of 1st period - Backhand shot by Quinn Hughes.
12:17 of 1st period - Stopped by Michal Neuvirth with a rebound.
12:23 of 1st period - Snap shot by Jacob De La Rose.
12:23 of 1st period - Shot Misses the Net.
12:31 of 1st period - Minor Penalty to Mike Richards for Slashing.
12:32 of 1st period - Sam Bennett wins face-off versus Cody Eakin in Ducks zone.
14:21 of 1st period - Anthony Cirelli is hit by Chris Bourque and loses puck.
14:28 of 1st period - Wrist shot by Tomas Nosek.
14:28 of 1st period - Stopped by Ondrej Pavelec without a rebound.
14:29 of 1st period - Cody Eakin wins face-off versus Sam Bennett in Canadiens zone.
14:31 of 1st period - Penalty to Mike Richards is over, Mike Richards is back on ice.
14:50 of 1st period - Snap shot by Cody Eakin.
14:50 of 1st period - Shot Misses the Net.
14:52 of 1st period - Slapshot by Cody Eakin.
14:52 of 1st period - Goal by Cody Eakin - Ducks : 2 - Canadiens : 0.
14:53 of 1st period - Sam Bennett wins face-off versus Cody Eakin in neutral zone.
14:56 of 1st period - Snap shot by David Pastrnak.
14:56 of 1st period - Stopped by Michal Neuvirth with a rebound.
15:10 of 1st period - Wrist shot by Sam Bennett.
15:10 of 1st period - Stopped by Michal Neuvirth with a rebound.
15:46 of 1st period - Slapshot by Chris Bourque.
15:46 of 1st period - Shot Misses the Net.
15:48 of 1st period - Wrist shot by Corban Knight.
15:48 of 1st period - Deflect By Chris Bourque.
15:48 of 1st period - Stopped by Ondrej Pavelec without a rebound.
15:49 of 1st period - Sam Bennett wins face-off versus Marcus Kruger in Canadiens zone.
16:14 of 1st period - Justin Schultz is hit by Roope Hintz and loses puck.
16:54 of 1st period - Off-side.
16:55 of 1st period - Corban Knight wins face-off versus Christian Dvorak in neutral zone.
16:58 of 1st period - Snap shot by Kevin Shattenkirk.
16:58 of 1st period - Deflect By Chris Bourque.
16:58 of 1st period - Shot Misses the Net.
16:58 of 1st period - Puck is out of play.
16:59 of 1st period - Christian Dvorak wins face-off versus Cody Eakin in Canadiens zone.
16:59 of 1st period - Christian Dvorak is hit by Carter Verhaeghe.
18:01 of 1st period - Icing by Justin Schultz.
18:02 of 1st period - Corban Knight wins face-off versus Sam Bennett in Ducks zone.
18:07 of 1st period - Wrist shot by Corban Knight.
18:07 of 1st period - Shot Misses the Net.
18:09 of 1st period - Slapshot by Justin Schultz.
18:09 of 1st period - Shot Misses the Net.
18:11 of 1st period - Slapshot by Nikita Zaitsev.
18:11 of 1st period - Deflect By Chris Bourque.
18:11 of 1st period - Stopped by Ondrej Pavelec without a rebound.
18:12 of 1st period - Sam Bennett wins face-off versus Cody Eakin in Canadiens zone.
18:12 of 1st period - Sam Bennett is hit by Kevin Shattenkirk.
18:23 of 1st period - Wrist shot by David Pastrnak.
18:23 of 1st period - Shot Blocked by Kevin Shattenkirk.
18:31 of 1st period - Snap shot by David Pastrnak.
18:31 of 1st period - Shot Misses the Net.
18:33 of 1st period - Backhand shot by Jeff Schultz.
18:33 of 1st period - Stopped by Michal Neuvirth with a rebound.
18:35 of 1st period - Snap shot by Chris Kreider.
18:35 of 1st period - Stopped by Michal Neuvirth with a rebound.
18:37 of 1st period - Wrist shot by David Pastrnak.
18:37 of 1st period - Shot Misses the Net.
18:39 of 1st period - Snap shot by David Pastrnak.
18:39 of 1st period - Stopped by Michal Neuvirth with a rebound.
18:41 of 1st period - Wrist shot by Sam Bennett.
18:41 of 1st period - Shot Misses the Net.
18:43 of 1st period - Backhand shot by Adam Fox.
18:43 of 1st period - Stopped by Michal Neuvirth with a rebound.
18:57 of 1st period - Snap shot by David Pastrnak.
18:57 of 1st period - Stopped by Michal Neuvirth without a rebound.
18:58 of 1st period - Tomas Nosek wins face-off versus Anthony Cirelli in Ducks zone.
18:58 of 1st period - Tomas Nosek is hit by Anthony Cirelli.
19:49 of 1st period - Christian Dvorak is hit by Chris Bourque and loses puck.
Goals for this period are 2 for Ducks vs 0 for Canadiens.
Shots for this period are 11 for Ducks vs 17 for Canadiens.
2nd period
0:01 of 2nd period - Sam Bennett wins face-off versus Cody Eakin in neutral zone.
0:38 of 2nd period - Off-side.
0:39 of 2nd period - Roope Hintz wins face-off versus Cody Eakin in neutral zone.
0:44 of 2nd period - Slapshot by Quinn Hughes.
0:44 of 2nd period - Shot Misses the Net.
1:14 of 2nd period - Snap shot by Chris Kreider.
1:14 of 2nd period - Deflect By Sam Bennett.
1:14 of 2nd period - Goal by Sam Bennett - Ducks : 2 - Canadiens : 1.
1:15 of 2nd period - Cody Eakin wins face-off versus Sam Bennett in neutral zone.
1:18 of 2nd period - Snap shot by Marcus Kruger.
1:18 of 2nd period - Goal by Marcus Kruger - Ducks : 3 - Canadiens : 1.
1:19 of 2nd period - Sam Bennett wins face-off versus Carter Verhaeghe in neutral zone.
1:35 of 2nd period - Minor Penalty to Carter Verhaeghe for Interference.
1:36 of 2nd period - Sam Bennett wins face-off versus Cody Eakin in Ducks zone.
3:35 of 2nd period - Penalty to Carter Verhaeghe is over, Carter Verhaeghe is back on ice.
3:45 of 2nd period - Minor Penalty to Ben Smith for Holding.
3:46 of 2nd period - Anze Kopitar wins face-off versus Cody Eakin in Canadiens zone.
5:35 of 2nd period - Filip Hronek is hit by Cam Fowler and loses puck.
5:45 of 2nd period - Penalty to Ben Smith is over, Ben Smith is back on ice.
6:47 of 2nd period - Snap shot by Patrik Laine.
6:47 of 2nd period - Shot Misses the Net.
9:14 of 2nd period - Adam Fox is hit by Sam Gagner and loses puck.
9:25 of 2nd period - Johnny Gaudreau is hit by Christian Dvorak and loses puck.
9:44 of 2nd period - Chris Kreider is hit by Marcus Kruger and loses puck.
9:55 of 2nd period - Chris Bourque is hit by Ben Smith and loses puck.
10:00 of 2nd period - Snap shot by Ben Smith.
10:00 of 2nd period - Deflect By Chris Bourque.
10:00 of 2nd period - Goal by Ben Smith - Ducks : 3 - Canadiens : 2.
10:01 of 2nd period - David Pastrnak wins face-off versus Cody Eakin in neutral zone.
10:12 of 2nd period - Slapshot by Adam Fox.
10:12 of 2nd period - Shot Blocked by Nikita Zaitsev.
10:14 of 2nd period - Slapshot by Jeff Schultz.
10:14 of 2nd period - Deflect By Sam Bennett.
10:14 of 2nd period - Shot Misses the Net.
10:14 of 2nd period - Puck is out of play.
10:15 of 2nd period - Sam Bennett wins face-off versus Tomas Nosek in Ducks zone.
10:26 of 2nd period - Wrist shot by Johnny Gaudreau.
10:26 of 2nd period - Stopped by Ondrej Pavelec with a rebound.
10:28 of 2nd period - Slapshot by Kevin Shattenkirk.
10:28 of 2nd period - Shot Blocked by Adam Fox.
10:30 of 2nd period - Slapshot by Tomas Nosek.
10:30 of 2nd period - Shot Misses the Net.
10:32 of 2nd period - Slapshot by Cam Fowler.
10:32 of 2nd period - Stopped by Ondrej Pavelec with a rebound.
10:47 of 2nd period - Adam Fox is hit by Cody Eakin and loses puck.
11:04 of 2nd period - Slapshot by Mike Richards.
11:04 of 2nd period - Shot Misses the Net.
11:06 of 2nd period - Slapshot by Brian Dumoulin.
11:06 of 2nd period - Shot Blocked by Adam Fox.
11:08 of 2nd period - Snap shot by Jordan Szwarz.
11:08 of 2nd period - Shot Misses the Net.
11:10 of 2nd period - Snap shot by Mike Richards.
11:10 of 2nd period - Stopped by Ondrej Pavelec with a rebound.
11:12 of 2nd period - Snap shot by Sam Gagner.
11:12 of 2nd period - Shot Misses the Net.
11:22 of 2nd period - Snap shot by Matthew Tkachuk.
11:22 of 2nd period - Shot Blocked by Corban Knight.
12:05 of 2nd period - Slapshot by Brian Dumoulin.
12:05 of 2nd period - Deflect By Anze Kopitar.
12:05 of 2nd period - Stopped by Ondrej Pavelec without a rebound.
12:06 of 2nd period - Tomas Nosek wins face-off versus Anthony Cirelli in Canadiens zone.
12:09 of 2nd period - Snap shot by Johnny Gaudreau.
12:09 of 2nd period - Goal by Johnny Gaudreau - Ducks : 4 - Canadiens : 2.
12:09 of 2nd period - Igor Shesterkin enters game.
12:10 of 2nd period - Cody Eakin wins face-off versus Sam Bennett in neutral zone.
12:48 of 2nd period - Jesse Puljujarvi is hit by Michael Matheson and loses puck.
12:55 of 2nd period - Minor Penalty to Cam Fowler for Cross-checking.
12:56 of 2nd period - Cody Eakin wins face-off versus Sam Bennett in Ducks zone.
13:11 of 2nd period - Slapshot by Quinn Hughes.
13:11 of 2nd period - Shot Misses the Net.
13:13 of 2nd period - Slapshot by Quinn Hughes.
13:13 of 2nd period - Stopped by Michal Neuvirth without a rebound.
13:14 of 2nd period - Cody Eakin wins face-off versus Roope Hintz in Ducks zone.
13:14 of 2nd period - Cody Eakin is hit by Quinn Hughes.
13:26 of 2nd period - Slapshot by Matthew Tkachuk.
13:26 of 2nd period - Shot Blocked by Brian Dumoulin.
14:55 of 2nd period - Penalty to Cam Fowler is over, Cam Fowler is back on ice.
15:00 of 2nd period - Icing by Nikita Zaitsev.
15:01 of 2nd period - Anze Kopitar wins face-off versus Cam Fowler in Ducks zone.
15:22 of 2nd period - Snap shot by Mike Richards.
15:22 of 2nd period - Shot Misses the Net.
17:00 of 2nd period - Wrist shot by Carter Verhaeghe.
17:00 of 2nd period - Stopped by Igor Shesterkin with a rebound.
17:02 of 2nd period - Slapshot by Cody Eakin.
17:02 of 2nd period - Deflect By Marcus Kruger.
17:02 of 2nd period - Shot Misses the Net.
17:02 of 2nd period - Puck is out of play.
17:03 of 2nd period - Anze Kopitar wins face-off versus Tomas Nosek in Canadiens zone.
17:03 of 2nd period - Anze Kopitar is hit by Johnny Gaudreau.
17:13 of 2nd period - Slapshot by Quinn Hughes.
17:13 of 2nd period - Shot Misses the Net.
17:15 of 2nd period - Snap shot by Anze Kopitar.
17:15 of 2nd period - Shot Misses the Net.
17:17 of 2nd period - Snap shot by Anthony Cirelli.
17:17 of 2nd period - Goal by Anthony Cirelli - Ducks : 4 - Canadiens : 3.
17:18 of 2nd period - Tomas Nosek wins face-off versus Sam Bennett in neutral zone.
17:31 of 2nd period - Snap shot by Johnny Gaudreau.
17:31 of 2nd period - Stopped by Igor Shesterkin with a rebound.
17:33 of 2nd period - Wrist shot by Cam Fowler.
17:33 of 2nd period - Stopped by Igor Shesterkin with a rebound.
17:35 of 2nd period - Wrist shot by Jesse Puljujarvi.
17:35 of 2nd period - Shot Misses the Net.
17:45 of 2nd period - Sam Gagner is hit by Marc Staal and loses puck.
18:17 of 2nd period - Slapshot by Chris Bigras.
18:17 of 2nd period - Stopped by Igor Shesterkin without a rebound.
18:18 of 2nd period - Tomas Nosek wins face-off versus Sam Bennett in Canadiens zone.
18:26 of 2nd period - Icing by Sam Bennett.
18:27 of 2nd period - Sam Bennett wins face-off versus Tomas Nosek in Canadiens zone.
18:34 of 2nd period - Wrist shot by Sam Bennett.
18:34 of 2nd period - Stopped by Michal Neuvirth without a rebound.
18:35 of 2nd period - Sam Bennett wins face-off versus Tomas Nosek in Ducks zone.
19:12 of 2nd period - Derick Brassard is hit by Jesse Puljujarvi and loses puck.
19:17 of 2nd period - Snap shot by Johnny Gaudreau.
19:17 of 2nd period - Shot Blocked by Roope Hintz.
19:19 of 2nd period - Slapshot by Brian Dumoulin.
19:19 of 2nd period - Shot Misses the Net.
19:27 of 2nd period - Slapshot by Tomas Nosek.
19:27 of 2nd period - Goal by Tomas Nosek - Ducks : 5 - Canadiens : 3.
19:28 of 2nd period - Cody Eakin wins face-off versus Sam Bennett in neutral zone.
Goals for this period are 3 for Ducks vs 3 for Canadiens.
Shots for this period are 11 for Ducks vs 5 for Canadiens.
3rd period
0:01 of 3rd period - Sam Bennett wins face-off versus Tomas Nosek in neutral zone.
0:10 of 3rd period - Wrist shot by Chris Kreider.
0:10 of 3rd period - Stopped by Michal Neuvirth with a rebound.
0:26 of 3rd period - Marcus Kruger is hit by Quinn Hughes and loses puck.
0:37 of 3rd period - Wrist shot by Anze Kopitar.
0:37 of 3rd period - Shot Blocked by Cody Eakin.
0:42 of 3rd period - Minor Penalty to Anze Kopitar for Tripping.
0:43 of 3rd period - Cody Eakin wins face-off versus Sam Bennett in Canadiens zone.
1:09 of 3rd period - Mike Richards is hit by Marc Staal and loses puck.
1:16 of 3rd period - Slapshot by Cam Fowler.
1:16 of 3rd period - Shot Blocked by Jacob De La Rose.
1:50 of 3rd period - Jesse Puljujarvi is hit by Jeff Schultz and loses puck.
2:41 of 3rd period - Brian Dumoulin is hit by Michael Matheson.
2:42 of 3rd period - Penalty to Anze Kopitar is over, Anze Kopitar is back on ice.
2:58 of 3rd period - Chris Bourque is hit by Quinn Hughes and loses puck.
3:37 of 3rd period - Chris Bourque is hit by Filip Hronek and loses puck.
4:03 of 3rd period - Icing by Mike Richards.
4:04 of 3rd period - Anze Kopitar wins face-off versus Tomas Nosek in Ducks zone.
5:17 of 3rd period - Wrist shot by Roope Hintz.
5:17 of 3rd period - Stopped by Michal Neuvirth with a rebound.
5:19 of 3rd period - Snap shot by Roope Hintz.
5:19 of 3rd period - Stopped by Michal Neuvirth with a rebound.
5:31 of 3rd period - Anthony Cirelli is hit by Tomas Nosek.
5:41 of 3rd period - Backhand shot by Justin Schultz.
5:41 of 3rd period - Shot Blocked by Quinn Hughes.
5:43 of 3rd period - Backhand shot by Justin Schultz.
5:43 of 3rd period - Shot Misses the Net.
5:49 of 3rd period - Minor Penalty to Christian Dvorak for Elbowing.
5:50 of 3rd period - Anze Kopitar wins face-off versus Cody Eakin in Canadiens zone.
6:04 of 3rd period - Slapshot by Cam Fowler.
6:04 of 3rd period - Deflect By Johnny Gaudreau.
6:04 of 3rd period - Stopped by Igor Shesterkin without a rebound.
6:05 of 3rd period - Cody Eakin wins face-off versus Anze Kopitar in Canadiens zone.
6:37 of 3rd period - Off-side.
6:38 of 3rd period - Mike Richards wins face-off versus Anthony Cirelli in neutral zone.
6:45 of 3rd period - Snap shot by Marcus Kruger.
6:45 of 3rd period - Shot Misses the Net.
7:39 of 3rd period - Wrist shot by Kevin Shattenkirk.
7:39 of 3rd period - Deflect By Marcus Kruger.
7:39 of 3rd period - Stopped by Igor Shesterkin with a rebound.
7:41 of 3rd period - Slapshot by Cam Fowler.
7:41 of 3rd period - Stopped by Igor Shesterkin with a rebound.
7:46 of 3rd period - Off-side.
7:47 of 3rd period - Anthony Cirelli wins face-off versus Cody Eakin in neutral zone.
7:49 of 3rd period - Penalty to Christian Dvorak is over, Christian Dvorak is back on ice.
7:49 of 3rd period - Off-side.
7:50 of 3rd period - Cody Eakin wins face-off versus Sam Bennett in neutral zone.
8:21 of 3rd period - Wrist shot by Corban Knight.
8:21 of 3rd period - Shot Misses the Net.
8:23 of 3rd period - Slapshot by Nikita Zaitsev.
8:23 of 3rd period - Shot Blocked by Ben Smith.
8:25 of 3rd period - Wrist shot by Corban Knight.
8:25 of 3rd period - Goal by Corban Knight - Ducks : 6 - Canadiens : 3.
8:26 of 3rd period - Cody Eakin wins face-off versus Sam Bennett in neutral zone.
8:31 of 3rd period - Snap shot by Marcus Kruger.
8:31 of 3rd period - Stopped by Igor Shesterkin with a rebound.
9:02 of 3rd period - Snap shot by Jesse Puljujarvi.
9:02 of 3rd period - Shot Misses the Net.
9:59 of 3rd period - Snap shot by Sam Bennett.
9:59 of 3rd period - Stopped by Michal Neuvirth without a rebound.
10:00 of 3rd period - Sam Bennett wins face-off versus Jordan Szwarz in Ducks zone.
10:16 of 3rd period - Off-side.
10:17 of 3rd period - Cody Eakin wins face-off versus Anze Kopitar in neutral zone.
10:26 of 3rd period - Wrist shot by Cody Eakin.
10:26 of 3rd period - Deflect By Marcus Kruger.
10:26 of 3rd period - Shot Misses the Net.
10:26 of 3rd period - Puck is out of play.
10:27 of 3rd period - Anze Kopitar wins face-off versus Cody Eakin in Canadiens zone.
10:47 of 3rd period - Icing by Cam Fowler.
10:48 of 3rd period - Sam Bennett wins face-off versus Cody Eakin in Ducks zone.
10:53 of 3rd period - Wrist shot by David Pastrnak.
10:53 of 3rd period - Stopped by Michal Neuvirth with a rebound.
10:55 of 3rd period - Snap shot by David Pastrnak.
10:55 of 3rd period - Stopped by Michal Neuvirth without a rebound.
10:56 of 3rd period - Tomas Nosek wins face-off versus Sam Bennett in Ducks zone.
11:56 of 3rd period - Snap shot by Anthony Cirelli.
11:56 of 3rd period - Stopped by Michal Neuvirth without a rebound.
11:57 of 3rd period - Sam Bennett wins face-off versus Tomas Nosek in Ducks zone.
12:12 of 3rd period - Wrist shot by David Pastrnak.
12:12 of 3rd period - Stopped by Michal Neuvirth without a rebound.
12:12 of 3rd period - Minor Penalty to Michal Neuvirth for Slashing.
12:13 of 3rd period - Cody Eakin wins face-off versus Sam Bennett in Ducks zone.
12:13 of 3rd period - Cody Eakin is hit by David Pastrnak.
12:39 of 3rd period - Johnny Gaudreau is hit by Roope Hintz and loses puck.
12:44 of 3rd period - Snap shot by Anthony Cirelli.
12:44 of 3rd period - Stopped by Michal Neuvirth with a rebound.
12:46 of 3rd period - Wrist shot by Patrik Laine.
12:46 of 3rd period - Stopped by Michal Neuvirth without a rebound.
12:47 of 3rd period - Cody Eakin wins face-off versus Sam Bennett in Ducks zone.
12:52 of 3rd period - Slapshot by David Pastrnak.
12:52 of 3rd period - Stopped by Michal Neuvirth without a rebound.
12:53 of 3rd period - Sam Bennett wins face-off versus Cody Eakin in Ducks zone.
13:09 of 3rd period - Slapshot by David Pastrnak.
13:09 of 3rd period - Shot Blocked by Johnny Gaudreau.
14:12 of 3rd period - Penalty to Nikita Zaitsev is over, Nikita Zaitsev is back on ice.
14:20 of 3rd period - Slapshot by Matthew Tkachuk.
14:20 of 3rd period - Deflect By Jacob De La Rose.
14:20 of 3rd period - Shot Misses the Net.
14:20 of 3rd period - Puck is out of play.
14:21 of 3rd period - Mike Richards wins face-off versus Christian Dvorak in Ducks zone.
15:18 of 3rd period - Off-side.
15:19 of 3rd period - Corban Knight wins face-off versus Sam Bennett in neutral zone.
15:28 of 3rd period - Wrist shot by Alexandre Grenier.
15:28 of 3rd period - Shot Misses the Net.
15:30 of 3rd period - Snap shot by Alexandre Grenier.
15:30 of 3rd period - Deflect By Corban Knight.
15:30 of 3rd period - Shot Misses the Net.
15:30 of 3rd period - Puck is out of play.
15:31 of 3rd period - Sam Bennett wins face-off versus Cody Eakin in Canadiens zone.
15:36 of 3rd period - Wrist shot by David Pastrnak.
15:36 of 3rd period - Stopped by Michal Neuvirth without a rebound.
15:37 of 3rd period - Cody Eakin wins face-off versus Sam Bennett in Ducks zone.
16:56 of 3rd period - Wrist shot by Corban Knight.
16:56 of 3rd period - Shot Misses the Net.
17:58 of 3rd period - Icing by Brian Dumoulin.
17:59 of 3rd period - Anthony Cirelli wins face-off versus Mike Richards in Ducks zone.
18:20 of 3rd period - Snap shot by Jordan Szwarz.
18:20 of 3rd period - Shot Misses the Net.
18:22 of 3rd period - Wrist shot by Jordan Szwarz.
18:22 of 3rd period - Shot Misses the Net.
18:24 of 3rd period - Snap shot by Jordan Szwarz.
18:24 of 3rd period - Stopped by Igor Shesterkin without a rebound.
18:25 of 3rd period - Sam Bennett wins face-off versus Tomas Nosek in Canadiens zone.
18:36 of 3rd period - Icing by Chris Kreider.
18:37 of 3rd period - Cody Eakin wins face-off versus Chris Kreider in Canadiens zone.
18:38 of 3rd period - Snap shot by Marcus Kruger.
18:38 of 3rd period - Shot Misses the Net.
18:46 of 3rd period - Snap shot by David Pastrnak.
18:46 of 3rd period - Deflect By Chris Kreider.
18:46 of 3rd period - Stopped by Michal Neuvirth with a rebound.
18:48 of 3rd period - Wrist shot by Chris Kreider.
18:48 of 3rd period - Stopped by Michal Neuvirth with a rebound.
19:08 of 3rd period - Tomas Nosek is hit by Roope Hintz.
19:36 of 3rd period - Slapshot by Kevin Shattenkirk.
19:36 of 3rd period - Shot Blocked by Patrik Laine.
19:38 of 3rd period - Snap shot by Mike Richards.
19:38 of 3rd period - Shot Misses the Net.
19:58 of 3rd period - Wrist shot by Chris Bourque.
19:58 of 3rd period - Deflect By Corban Knight.
19:58 of 3rd period - Shot Misses the Net.
19:58 of 3rd period - Puck is out of play.
19:59 of 3rd period - Cody Eakin wins face-off versus Sam Bennett in Canadiens zone.
Goals for this period are 1 for Ducks vs 0 for Canadiens.
Shots for this period are 6 for Ducks vs 14 for Canadiens.